 Dungeon Crawl Stone Soup version 0.30-a0-728-gc68057be0a (webtiles) character file.

Game seed: 5766528389457856557

16273 drugrobin the Martial Artist (level 11, -11/88 HPs)
             Began as a Demigod Delver on Feb 1, 2023.
             Killed from afar by a frost giant (22 damage)
             ... with a bolt of cold
             ... in an ice cave.
             The game lasted 00:38:54 (10941 turns).

drugrobin the Martial Artist (Demigod Delver)      Turns: 10941, Time: 00:38:55

Health: -11/88     AC: 15    Str: 13    XL:     11   Next: 78%
Magic:  14/14      EV: 19    Int: 12    God:
Gold:   408        SH:  5    Dex: 27    Spells: 10/10 levels left

rFire   x . .      SeeInvis .      - Unarmed
rCold   + . .      Faith    .    v - +0 buckler
rNeg    . . .      Spirit   .    E - +1 acid dragon scales
rPois   .          Reflect  .    (no helmet)
rElec   .          Harm     .    F - +2 cloak {Stlth+}
rCorr   +          Rampage  .    (no gloves)
Will    +....                    r - +0 pair of boots
Stlth   ++++                     x - amulet of regeneration
HPRegen 1.14/turn                j - ring of ice
MPRegen 0.14/turn                G - +4 ring of protection

@: mighty
A: high MP 1, forlorn, divine attributes
a: no special abilities


You were in an ice cave.
You visited 1 branch of the dungeon, and saw 11 of its levels.
You also visited: Ice Cave.

You collected 761 gold pieces.
You spent 353 gold pieces at shops.

Inventory:

Hand Weapons
 b - a +0 dagger of venom
 d - a +3 dagger of protection
Missiles
 B - 22 poisoned darts
 L - 8 boomerangs (quivered)
Armour
 l - a +2 leather armour of willpower
 r - a +0 pair of boots (worn)
 v - a +0 buckler (worn)
 E - +1 acid dragon scales (worn)
 F - a +2 cloak of stealth (worn)
Jewellery
 a - a ring of magical power
 j - a ring of ice (left hand)
 o - a ring of resist corrosion
 u - an amulet of magic regeneration
 x - an amulet of regeneration (around neck)
 G - a +4 ring of protection (right hand)
 K - a ring of willpower
Wands
 f - a wand of digging (8)
 y - a wand of polymorph (8)
Scrolls
 c - a scroll of magic mapping
 h - 4 scrolls of teleportation
 i - 3 scrolls of fog
 k - 3 scrolls of butterflies
 p - a scroll of vulnerability
 q - 4 scrolls of immolation
 w - 2 scrolls of poison
 C - a scroll of fear
 D - a scroll of silence
 H - a scroll of blinking
Potions
 e - 3 potions of haste
 g - 4 potions of lignification
 m - 4 potions of cancellation
 n - 4 potions of curing
 t - 2 potions of invisibility {unknown}
 z - 5 potions of brilliance {unknown}
 A - 2 potions of heal wounds
 I - 2 potions of resistance {unknown}
 M - a potion of magic {unknown}


   Skills:
 + Level 5.2 Fighting
 - Level 9.7 Dodging
 - Level 4.5 Stealth
 * Level 14.9 Unarmed Combat


You had 10 spell levels left.
You didn't know any spells.
Your spell library contained the following spells:

 Spells                   Type           Power      Damage    Failure   Level
 Shock                    Conj/Air       0%         1d3       56%         1
 Swiftness                Air            0%         N/A       90%         3
 Airstrike                Air            0%         2d(0-16)  100%        4


Dungeon Overview and Level Annotations

Branches:
Dungeon (11/15)            Temple (0/1) D:5            Lair (0/5) D:10
    Orc (0/2) D:9           IceCv (1/1)

Shops:
D:2 *   D:4 (   D:5 *   D:7 ?   D:9 *

Annotations:
D:7 2 transporters, exclusions: 2 doors and 2 more exclusions, Menkaure
D:10 exclusion: wizard


Innate Abilities, Weirdness & Mutations

You have an increased reservoir of magic. (+10% MP)
You shall have no god before yourself.
Your divine heritage dramatically boosts your attributes as you level up.


Message History

The frost giant hits you with a +2 battleaxe of freezing!!
The frost giant freezes you.
Unknown command.
Unknown command.
You pummel the frost giant!!
The frost giant is severely wounded.
The frost giant hits you with a +2 battleaxe of freezing!
Unknown command.
Unknown command.
Unknown command.
You hit the frost giant.
The frost giant is severely wounded.
Unknown command.
Unknown command.
You completely miss the frost giant.
The frost giant is severely wounded.
The frost giant casts a spell at you. The bolt of cold hits you!! You resist.
* * * LOW HITPOINT WARNING * * *
Unknown command.
Unknown command.
Unknown command.
You punch the frost giant!
The frost giant is almost dead.
The frost giant gestures at you while chanting.
The bolt of cold hits you! You resist.
* * * LOW HITPOINT WARNING * * *
Unknown command.
Unknown command.
You punch the frost giant!
The frost giant is almost dead.
The frost giant points at you and mumbles some strange words.
The bolt of cold misses you.
Unknown command.
Unknown command.
You barely miss the frost giant.
The frost giant is almost dead.
The frost giant points at you and mumbles some strange words.
The bolt of cold hits you!! You resist.
You die...

###.......###
#.......###
##....###
###..##
##..#####
##...#.####
###....÷.##
####....##
####@.##
###C.#
###....#
###C...###
###....###
####.(..###
######....####
..#....####
.÷....##


You could see a frost giant (very poisoned).

Vanquished Creatures
  7 death yaks (IceCv)
  Maurice (D:8)
  Joseph (D:8)
  An ice statue (IceCv)
  Maggie (D:8)
  A komodo dragon (D:10)
  3 rime drakes (IceCv)
  6 polar bears
  Sigmund (D:5)
  A shadow (D:11)
  A fire bat (D:8)
  A wyvern (D:7)
  10 yaks
  3 steam dragons
  Duvessa (D:6)
  A water moccasin (D:7)
  6 ice beasts
  A sky beast (D:7)
  A swamp drake (D:9)
  6 orc warriors
  A tengu (D:10)
  A black bear (D:5)
  2 ogres
  11 wolves
  2 centaurs
  3 kobold brigands
  A phantom (D:5)
  4 bullfrogs (D:7)
  2 gnoll sergeants
  2 necrophages
  10 wights
  Dowan (D:6)
  12 killer bees
  A howler monkey (D:7)
  An electric eel (D:11)
  Crazy Yiuf (D:5)
  9 orc priests
  8 hounds
  3 jellies
  5 iguanas
  9 orc wizards
  6 gnolls
  9 adders
  A shadow imp (D:8)
  17 white imps
  2 ufetubi
  A worm (D:5)
  45 orcs
  A bat (D:3)
  5 endoplasms
  9 giant cockroaches
  6 goblins
  11 hobgoblins
  9 jackals
  3 quokkas
  8 ball pythons
  4 frilled lizards
  17 kobolds
  8 rats
305 creatures vanquished.

Vanquished Creatures (others)
  An orc wizard (D:7)
  An orc (D:8)
  3 plants (D:10)
5 creatures vanquished.

Grand Total: 310 creatures vanquished

Notes
Turn   | Place    | Note
-------+----------+-------------------------------------------
     0 | D:5      | drugrobin the Demigod Delver began the quest for the Orb.
     0 | D:5      | Reached XP level 1. HP: 18/18 MP: 3/3
    30 | D:5      | Noticed a phantom
    71 | D:5      | Found Zin's Purification Station.
   156 | D:2      | Reached skill level 2 in Unarmed Combat
   262 | D:2      | Reached XP level 2. HP: 25/25 MP: 4/4
   329 | D:1      | Reached skill level 3 in Unarmed Combat
   444 | D:1      | Reached XP level 3. HP: 30/30 MP: 5/5
  1706 | D:2      | Found Umelaplaqat's Assorted Antiques.
  1712 | D:2      | Bought a buckler for 72 gold pieces
  1736 | D:2      | Bought a scroll labelled DACZOIRRATH for 16 gold pieces
  1858 | D:2      | Reached XP level 4. HP: 33/37 MP: 6/6
  2170 | D:3      | Reached skill level 4 in Unarmed Combat
  2868 | D:4      | Found Ytzustri's Weapon Emporium.
  2880 | D:4      | Bought a +0 dagger of venom for 48 gold pieces
  2880 | D:4      | Bought 5 poisoned darts for 33 gold pieces
  2920 | D:4      | Noticed an ogre
  3042 | D:5      | Noticed an ice beast
  3063 | D:5      | Killed an ice beast
  3064 | D:5      | Reached skill level 5 in Unarmed Combat
  3064 | D:5      | Reached XP level 5. HP: 30/42 MP: 7/7
  3106 | D:5      | Noticed Sigmund
  3142 | D:5      | Noticed a black bear
  3148 | D:5      | Killed a black bear
  3149 | D:5      | Reached XP level 6. HP: 20/50 MP: 8/8
  3252 | D:5      | Found a staircase to the Ecumenical Temple.
  3409 | D:5      | Reached skill level 6 in Unarmed Combat
  3492 | D:5      | Reached XP level 7. HP: 56/56 MP: 9/9
  3698 | D:5      | Killed Sigmund
  3741 | D:5      | Found a runed translucent door.
  3742 | D:5      | Noticed Crazy Yiuf
  4013 | D:5      | Killed Crazy Yiuf
  4014 | D:5      | Reached skill level 7 in Unarmed Combat
  4605 | D:6      | Reached skill level 5 in Dodging
  4671 | D:2      | Bought 3 scrolls of identify for 96 gold pieces
  4975 | D:6      | Reached XP level 8. HP: 62/62 MP: 10/10
  4998 | D:6      | Noticed Dowan
  4999 | D:6      | Noticed Duvessa
  5052 | D:6      | Killed Duvessa
  5053 | D:6      | Reached skill level 8 in Unarmed Combat
  5064 | D:6      | Killed Dowan
  5829 | D:2      | Bought a lead wand for 64 gold pieces
  5901 | D:7      | Found Lixaolid's Magic Scroll Shop.
  5955 | D:7      | Noticed Menkaure
  5957 | D:7      | Found a transporter.
  6023 | D:7      | Reached skill level 9 in Unarmed Combat
  6245 | D:7      | Noticed a cyclops
  6245 | D:7      | Noticed a slime creature
  6245 | D:7      | Noticed a slime creature
  6278 | D:7      | Reached XP level 9. HP: 62/68 MP: 11/11
  6350 | D:7      | Reached skill level 10 in Unarmed Combat
  6911 | D:7      | Found a transporter.
  6994 | D:7      | Bought a scroll of identify for 24 gold pieces
  7020 | D:8      | Noticed Maggie
  7079 | D:8      | Killed Maggie
  7168 | D:8      | Reached skill level 11 in Unarmed Combat
  7266 | D:8      | Noticed Joseph
  7287 | D:8      | Killed Joseph
  7626 | D:8      | Noticed Maurice
  7638 | D:8      | Killed Maurice
  7639 | D:8      | Reached XP level 10. HP: 74/74 MP: 13/13
  8166 | D:9      | Reached skill level 12 in Unarmed Combat
  8278 | D:9      | Found a staircase to the Orcish Mines.
  8462 | D:9      | Found Rumaqeoq's Island Escapes.
  9264 | D:10     | Entered Level 10 of the Dungeon
  9295 | D:10     | Noticed a wizard
  9339 | D:10     | Found a staircase to the Lair.
  9457 | D:10     | Reached skill level 13 in Unarmed Combat
  9665 | D:11     | Identified the +8 flail "Goblinslayer" {heavy, *Rage rPois
                  | Int+8}
  9674 | D:11     | Found a frozen archway.
  9740 | IceCv    | Entered an ice cave
  9766 | IceCv    | Reached XP level 11. HP: 60/81 MP: 14/14
  9849 | IceCv    | Noticed a death yak
  9886 | IceCv    | Killed a death yak
 10126 | IceCv    | Noticed a death yak
 10144 | IceCv    | Killed a death yak
 10145 | IceCv    | Reached skill level 14 in Unarmed Combat
 10384 | IceCv    | Noticed a death yak
 10459 | IceCv    | Noticed a death yak
 10473 | IceCv    | Killed a death yak
 10486 | IceCv    | Killed a death yak
 10550 | IceCv    | Noticed a death yak
 10550 | IceCv    | Noticed a death yak
 10550 | IceCv    | Noticed a death yak
 10606 | IceCv    | Killed a death yak
 10630 | IceCv    | Killed a death yak
 10640 | IceCv    | Killed a death yak
 10641 | IceCv    | Reached skill level 5 in Fighting
 10846 | IceCv    | Noticed a death yak
 10846 | IceCv    | Noticed a frost giant
 10941 | IceCv    | Killed from afar by a frost giant

Illustrated notes

Levels and vault maps discovered:
D:1:      giann_horns, layout_basic
D:2:      layout_basic, serial_shops,
          nicolae_shop_temple_entry_statues_fountains,
          ebering_ecumenical_altar_abandoned
D:3:      layout_rooms
D:4:      layout_basic, old_standard_altar, serial_shops, shop
D:5:      layout_loops_cross, zin_purify, minmay_temple_entry_mini_moons,
          uniq_sigmund, uniq_crazy_yiuf_cottage
D:6:      layout_loops_ring, grunt_qazlal_clouds, uniq_duvessa
D:7:      minmay_the_grid_octo_tiled_squarecenter
          [minmay_the_grid_octo_vomiting_pacman,
          minmay_the_grid_octo_thin_diamonds, minmay_the_grid_octo_checkered,
          minmay_the_grid_octo_horde,
          minmay_the_grid_square_5x5_megaprize_crossed,
          minmay_the_grid_square_5x5_forky,
          minmay_the_grid_square_5x5_two_small,
          minmay_the_grid_square_5x5_beaten_path,
          minmay_the_grid_square_5x5_percent], layout_loops_ring,
          gammafunk_temple_of_torment, serial_shops, nicolae_stop_n_shop_2,
          kennysheep_another_room, amcnicky_mini_pool_small
D:8:      layout_loops_ring, uniq_maurice, uniq_maggie, uniq_joseph
D:9:      layout_loops_ring, overflow_temple_1_default, erik_orc_1,
          chequers_serial_rivers_micro_c, chequers_serial_rivers_micro_b,
          nicolae_island_escapes
D:10:     cheibrodos_wizards_tower, layout_basic, lemuel_doored_altar,
          david_lair_shrubbed, serial_curves, eino_curves_03, eino_curves_03,
          minmay_misc_feat_enclosed
D:11:     layout_irregular_city, serial_ice, serial_ice_l, serial_ice_h,
          serial_ice_o, serial_ice_e, serial_ice_n, serial_ice_b, serial_ice_c,
          serial_ice_m, serial_ice_a, serial_ice_f, portal_ice_cave_entry_imps,
          bloody_makhleb, uniq_urug
IceCv:    ice_cave_small_giant

Skill      XL: |  1  2  3  4  5  6  7  8  9 10 11 |
---------------+----------------------------------+-----
Unarmed Combat | 2 3 5 6 7 9 11 13 14 | 14.9
Dodging        | 2 3 4 5 6 8 9 |  9.7
Fighting       | 5 |  5.2
Stealth        | |  4.5

Action                     |  1- 3 |  4- 6 |  7- 9 | 10-12 || total
---------------------------+-------+-------+-------+-------++-------
  Melee: Unarmed           |    26 |    32 |   297 |   555 ||   910
         Dagger            |   153 |   108 |   281 |   106 ||   648
         Punch             |     3 |     2 |       |       ||     5
  Throw: Dart              |       |    14 |     9 |    13 ||    36
         Boomerang         |       |     2 |     1 |     9 ||    12
  Evoke: Wand              |       |       |     7 |     3 ||    10
    Use: Potion            |     1 |       |     1 |     3 ||     5
         Scroll            |       |     1 |    17 |     1 ||    19
   Stab: Sleeping          |    12 |     7 |    16 |     1 ||    36
         Distracted        |       |       |     1 |       ||     1
 Armour: Leather armour    |    49 |    27 |    98 |       ||   174
         Scale mail        |       |       |    51 |       ||    51
         Acid dragon scale |       |       |    27 |   187 ||   214
  Dodge: Dodged            |   115 |    69 |   290 |   585 ||  1059
  Block: Buckler           |       |     4 |    87 |   142 ||   233

Table legend: (Time is in decaauts)
 A = Elapsed time spent in this place.
 B = Non-inter-level travel time spent in this place.
 C = Inter-level travel time spent in this place.
 D = Time resting spent in this place.
 E = Time spent auto-exploring this place.
 F = Levels seen in this place.
 G = Mean time per level.
                   A        B        C        D        E       F      G
               +--------+--------+--------+--------+--------+-----+--------+
         Total |  10770 |   9986 |    784 |    726 |   5221 |  12 |  897.5 |
       Dungeon |   9621 |   8837 |    784 |    437 |   5002 |  11 |  874.6 |
      Ice Cave |   1149 |   1149 |      0 |    288 |    219 |   1 | 1149.0 |
               +--------+--------+--------+--------+--------+-----+--------+

Top non-repeatable levels by time:
     D:5: 1274 daAuts
     D:7: 1247 daAuts
     D:9: 1217 daAuts
     D:2: 1197 daAuts
   IceCv: 1149 daAuts
     D:1: 988 daAuts
     D:8: 968 daAuts
     D:6: 918 daAuts
     D:4: 752 daAuts
     D:3: 608 daAuts
    D:10: 249 daAuts
    D:11: 198 daAuts
